 Dungeon Crawl Stone Soup version 0.31-a0-18-gea43df2a32 (webtiles) character file.

Game seed: 4303743947064553746

75406 BlueFish the Fighter (level 15, -5/135 HPs)
             Began as a Yellow Draconian Conjurer on May 11, 2023.
             Was a Believer of Jiyva.
             Slain by an orc warlord
             ... wielding a +2 broad axe of flaming
              (26 damage)
             ... on level 2 of the Orcish Mines on May 12, 2023.
             The game lasted 01:35:38 (27342 turns).

BlueFish the Fighter (Yellow Draconian Conjurer)   Turns: 27342, Time: 01:35:38

Health: -5/135     AC: 13    Str: 18    XL:     15   Next: 9%
Magic:  26/27      EV: 15    Int: 23    God:    Jiyva [**....]
Gold:   1434       SH:  0    Dex: 10    Spells: 11/31 levels left

rFire   . .          .
                       - Unarmed
rCold   . . .        (no shield)
rNeg    . . .        (body armour unavailable)
rPois   .            (helmet restricted)
rElec   .            B - +0 cloak
rCorr   +            x - +1 pair of gloves
SInv    .            y - +0 pair of boots
Will    ++...        w - amulet of regeneration
Stlth   +++          W - +6 ring of strength
HPRegen 2.18/turn    r - ring of willpower
MPRegen 0.50/turn

%: no passive effects
@: short of breath
A: spit acid, AC +9, unfitting armour, acidic bite, cold-blooded, acid
resistance, stinger 1, pseudopods 3
a: Breathe Acid, Renounce Religion


You were on level 2 of the Orcish Mines.
You worshipped Jiyva.
Jiyva was pleased with you.
You visited 5 branches of the dungeon, and saw 27 of its levels.

You collected 1542 gold pieces.
You spent 108 gold pieces at shops.

Inventory:

Hand Weapons
 b - a +0 short sword
 u - a +3 falchion of protection
Armour
 x - a +1 pair of gloves (worn)
 y - a +0 pair of boots (worn)
 B - a +0 cloak (worn)
 C - a +0 kite shield
Jewellery
 g - a ring of fire
 r - a ring of willpower (right hand)
 w - an amulet of regeneration (around neck)
 H - a +6 ring of intelligence
 K - an amulet of reflection
 N - a ring of ice
 O - a ring of fire
 W - a +6 ring of strength (left hand)
 X - a +4 ring of protection
Wands
 o - a wand of flame (27)
 t - a wand of iceblast (17)
 Q - a wand of paralysis (11)
 R - a wand of digging (9)
 S - a wand of mindburst (6)
 V - a wand of polymorph (6)
Scrolls
 d - a scroll of blinking
 e - 3 scrolls of enchant armour
 j - 8 scrolls of teleportation
 m - a scroll of silence
 p - 2 scrolls of vulnerability {unknown}
 q - a scroll of enchant weapon
 E - 5 scrolls of amnesia
 F - 3 scrolls of fog {unknown}
 I - a scroll of summoning
 J - 2 scrolls of immolation {unknown}
 T - 2 scrolls of poison {unknown}
 U - 2 scrolls of magic mapping
Potions
 a - a potion of magic
 f - 8 potions of curing
 h - 3 potions of resistance
 k - 3 potions of brilliance
 l - 7 potions of flight
 n - 5 potions of mutation
 s - a potion of berserk rage
 v - 3 potions of might
 z - 4 potions of cancellation
 A - 7 potions of attraction
 D - 4 potions of ambrosia
 G - 5 potions of lignification
 L - 4 potions of haste
 M - 3 potions of invisibility


   Skills:
 + Level 13.1 Fighting
 + Level 9.2 Dodging
 + Level 7.9 Stealth
 + Level 10.3 Unarmed Combat
 - Level 8.8 Spellcasting
 - Level 9.3 Conjurations
 - Level 3.9 Hexes
 - Level 4.3 Translocations
 - Level 4.8 Fire Magic
 + Level 8.3 Invocations
 + Level 9.2 Evocations


You had 11 spell levels left.
You knew the following spells:

 Your Spells              Type           Power      Damage    Failure   Level
a - Magic Dart            Conj           100%       1d8       1%          1
b - Searing Ray           Conj           100%       2d8       1%          2
c - Dazzling Flash        Conj/Hex       80%        N/A       1%          3
d - Confusing Touch       Hex            28%        N/A       3%          3
e - Iskenderun's Mystic   Conj/Tloc      41%        2d9       3%          4
f - Teleport Other        Tloc           30%        N/A       3%          3
g - Flame Wave            Conj/Fire      42%        2d11      3%          4

Your spell library contained the following spells:

 Spells                   Type           Power      Damage    Failure   Level
 Apportation              Tloc           60%        N/A       1%          1
 Slow                     Hex            100%       N/A       1%          1
 Lesser Beckoning         Tloc           60%        N/A       1%          2
 Gell's Gravitas          Tloc           30%        N/A       3%          3
 Inner Flame              Hex/Fire       30%        N/A       3%          3
 Sticky Flame             Conj/Fire      42%        2d6       3%          4
 Fulminant Prism          Conj/Hex       20%        3d12      4%          4
 Mephitic Cloud           Conj/Pois/Air  24%        N/A       5%          3
 Summon Guardian Golem    Hex/Summ       19%        N/A       9%          3
 Poisonous Vapours        Pois/Air       20%        N/A       10%         2
 Ignite Poison            Fire/Tmut/Pois 17%        N/A       10%         3
 Ozocubu's Armour         Ice            10%        N/A       19%         3
 Vampiric Draining        Necr           10%        2d6       19%         3
 Freezing Cloud           Conj/Ice/Air   12%        6-21      45%         5
 Metabolic Englaciation   Hex/Ice        9%         N/A       61%         5
 Silence                  Hex/Air        9%         N/A       61%         5
 Yara's Violent Unravell  Hex/Tmut       9%         3d6       61%         5
 Orb of Destruction       Conj           26%        9d9       75%         7
 Agony                    Necr           10%        N/A       87%         5
 Alistair's Intoxication  Tmut/Pois      6%         N/A       87%         5
 Simulacrum               Ice/Necr       5%         N/A       100%        6
 Enfeeble                 Hex            14%        N/A       100%        7
 Spellforged Servitor     Conj/Summ      15%        N/A       100%        7
 Ignition                 Fire           16%        3d6       100%        8


Dungeon Overview and Level Annotations

Branches:
Dungeon (14/15)            Temple (1/1) D:5            Lair (5/5) D:11
  Swamp (0/4) Lair:2        Snake (0/4) Lair:3        Slime (5/5) Lair:5
    Orc (2/2) D:9
    Elf: Orc:2       Vaults: D:13-14

Altars:
Ashenzari
Cheibriados
Dithmenos
Elyvilon
Fedhas
Gozag
Hepliaklqana
Kikubaaqudgha
Makhleb
Nemelex Xobeh
Okawaru
Qazlal
Ru
Sif Muna
Trog
Uskayaw
Vehumet
Wu Jian
Xom
Yredelemnul
Zin
The Shining One
Jiyva

Shops:
D:1 =   D:13 *   Orc:2 [

Annotations:
D:10 2 transporters, exclusion: oklob plant, patfeehan111222's ghost, journeyman DsBe
Lair:3 1 runed translucent door, Wavoedoo's ghost, journeyman MiFi
Lair:4 2 transporters, Jyudgh's ghost, journeyman DjCj
Slime:5 Royal Jelly


Innate Abilities, Weirdness & Mutations

You can spit globs of acid.
Your golden yellow scales are hard. (AC +9)
You cannot fit into any form of body armour.
You have acidic saliva.
You are cold-blooded and may be slowed by cold attacks.
You are resistant to acid. (rCorr)
Your tail ends in a venomous barb.
Armour fits poorly on your massive pseudopods.


Message History

The orc warlord is severely wounded.
Casting: Magic Dart (safe; 1% risk of failure)
Confirm with . or Enter, or press ? or * to list all spells.
Okay, then.
Casting: Magic Dart (safe; 1% risk of failure)
Confirm with . or Enter, or press ? or * to list all spells.
Aiming: Teleport Other (mildly dangerous; 3% risk of failure)
Press: ? - help, Shift-Dir - straight line, f/p - orc warlord
Aim: an orc warlord, wielding a +2 broad axe of flaming, wearing a +3 plate armour of willpower and wearing a +0 tower shield (severely wounded, chance to affect: 9%)
Okay, then.
You have got your breath back.
Casting: Teleport Other (mildly dangerous; 3% risk of failure)
Confirm with . or Enter, or press ? or * to list all spells.
Aiming: Searing Ray (safe; 1% risk of failure)
Press: ? - help, Shift-Dir - straight line, f/p - orc warlord
Aim: an orc warlord, wielding a +2 broad axe of flaming, wearing a +3 plate armour of willpower and wearing a +0 tower shield (severely wounded, 94% to hit)
The searing ray hits the orc warlord.
The orc warlord is almost dead. (Press . to maintain the ray.) Unknown command.
The searing ray hits the orc warlord!
The orc warlord is almost dead.
Press: ? - help, Shift-Dir - straight line, f/p - orc warlord
Aim: an orc warlord, wielding a +2 broad axe of flaming, wearing a +3 plate armour of willpower and wearing a +0 tower shield (almost dead, 89% to hit)
You spit a glob of acid.
The orc warlord blocks the glob of acid.
Aiming: Mindburst
Press: ? - help, Shift-Dir - straight line, f/p - orc warlord
Aim: an orc warlord, wielding a +2 broad axe of flaming, wearing a +3 plate armour of willpower and wearing a +0 tower shield (almost dead, chance to affect: 28%)
The orc warlord easily resists.
The orc warlord barely misses you.
Aiming: Iceblast
Press: ? - help, Shift-Dir - straight line, f/p - orc warlord
Aim: an orc warlord, wielding a +2 broad axe of flaming, wearing a +3 plate armour of willpower and wearing a +0 tower shield (almost dead) That beam is likely to hit you.
Continue anyway?
The mass of ice explodes!
The iceblast engulfs the orc warlord.
The orc warlord is almost dead.
The iceblast engulfs you!!
* * * LOW HITPOINT WARNING * * *
The orc warlord hits you with a +2 broad axe of flaming!!
You die...

### ### ####### ### ##.##
#####.#### ##..##.# #..###... ##
##.##...#.###.......
....#...###.##......#......^..#..
...#....##.........###...........
....#...♣♣♣♣♣........##..........
#J.........∩♣....#....##.........
........♣♣♣♣♣...@.......#....#...
...J..#.......#..o.......#.......
.........#....................J..
..........#..................#..#
..........##.....................
...........##.............J..<...
..........##.............<.......
#........####.#....#.............
#...###### #################....


You could see an orc warlord.

Vanquished Creatures
  Josephine (Lair:3)
  3 hydras
  Erolcha (D:11)
  Fannar (Lair:3)
  5 catoblepae (Lair:5)
  2 centaur warriors (D:13)
  7 two-headed ogres
  2 orc high priests (Orc:2)
  8 death yaks
  Sonja (D:11)
  2 skysharks (Lair:5)
  3 orc knights
  A deep elf pyromancer (D:14)
  2 orc sorcerers (Orc:2)
  3 manticores
  2 ugly things
  2 cyclopes (D:12)
  7 elephants
  5 black mambas
  A torpor snail (Lair:5)
  2 gargoyles
  3 rime drakes
  14 cane toads
  10 komodo dragons
  An efreet (D:13)
  A kobold demonologist (D:10)
  2 trolls
  3 meliai (Lair:4)
  A polar bear (Lair:5)
  A queen bee (Lair:4)
  28 blink frogs
  A hornet (D:9)
  7 dream sheep
  4 shadows
  6 wraiths
  8 wyverns
  A water elemental (D:13)
  86 yaks
  10 basilisks
  8 vampire mosquitoes
  A steam dragon (D:8)
  A warg (Orc:1)
  4 nagas (Lair:3)
  Edmund (D:6)
  17 water moccasins
  4 acid dragons
  17 orc warriors
  A sky beast (D:4)
  2 black bears (D:6)
  2 ice beasts (D:11)
  7 ogres
  17 wolves
  4 centaurs
  2 phantoms
  A kobold brigand (D:7)
  7 bullfrogs
  3 scorpions
  2 gnoll sergeants
  10 wights
  38 killer bees
  6 electric eels (D:13)
  3 howler monkeys
  2 hounds (D:5)
  2 gnoll boudas
  19 orc priests
  2 iguanas
  24 orc wizards
  2 sleepcaps
  13 gnolls
  7 adders
  A shadow imp (D:6)
  A dart slug (D:1)
  A worm (D:2)
  61 orcs
  5 endoplasms
  5 goblins
  7 hobgoblins
  4 jackals (D:1)
  4 quokkas
  4 ball pythons
  7 bats
  2 frilled lizards (D:3)
  11 kobolds
  3 rats (D:2)
593 creatures vanquished.

Vanquished Creatures (collateral kills)
  A killer bee (Lair:4)
1 creature vanquished.

Vanquished Creatures (others)
  An orc sorcerer (Orc:1)
  A deep elf pyromancer (D:14)
  A blink frog (Lair:4)
  A slime creature (D:14)
  A water elemental (D:13)
  An orc warrior (Orc:1)
  2 electric eels (D:13)
  41 jellies
  4 orcs
53 creatures vanquished.

Grand Total: 647 creatures vanquished

Notes
Turn   | Place    | Note
-------+----------+-------------------------------------------
     0 | D:1      | BlueFish the Draconian Conjurer began the quest for the
                  | Orb.
     0 | D:1      | Reached XP level 1. HP: 14/14 MP: 3/3
    65 | D:1      | Found Iqowkeh's Jewellery Shoppe.
   172 | D:1      | Reached XP level 2. HP: 21/22 MP: 0/5
   178 | D:1      | Learned a level 2 spell: Searing Ray
   502 | D:1      | Reached skill level 1 in Fighting
  1311 | D:2      | Reached XP level 3. HP: 28/28 MP: 4/6
  1823 | D:2      | Found a faded altar of an unknown god.
  2179 | D:3      | Reached XP level 4. HP: 35/35 MP: 3/7
  2889 | D:4      | Noticed a phantom
  2909 | D:4      | Killed a phantom
  2910 | D:4      | Reached skill level 2 in Fighting
  2910 | D:4      | Reached XP level 5. HP: 37/41 MP: 2/9
  3425 | D:4      | Reached XP level 6. HP: 50/50 MP: 2/10
  3648 | D:4      | Noticed a sky beast
  3667 | D:4      | Killed a sky beast
  3668 | D:4      | Reached skill level 3 in Fighting
  3668 | D:4      | Reached skill level 5 in Conjurations
  3858 | D:5      | Entered Level 5 of the Dungeon
  3863 | D:5      | Found an opulent altar of Gozag.
  4005 | D:5      | Your scales start taking on a golden yellow colour.
  4005 | D:5      | Reached XP level 7. HP: 57/57 MP: 3/12
  4005 | D:5      | Gained mutation: You are resistant to acid. (rCorr) [Yellow
                  | Draconian growth]
  4116 | D:5      | Found a staircase to the Ecumenical Temple.
  4140 | Temple   | Entered the Ecumenical Temple
  4140 | Temple   | Found a transporter.
  4140 | Temple   | Found a transporter.
  4142 | Temple   | Found a transporter.
  4142 | Temple   | Found a transporter.
  4153 | Temple   | Became a worshipper of the Shining One
  4247 | D:5      | Reached skill level 1 in Unarmed Combat
  4449 | D:5      | Found an ornate altar of the Wu Jian Council.
  4579 | D:5      | Found a shimmering blue altar of Sif Muna.
  4878 | D:6      | Reached skill level 4 in Fighting
  4884 | D:6      | Reached skill level 1 in Evocations
  5026 | D:6      | Noticed Edmund
  5035 | D:6      | Killed Edmund
  5036 | D:6      | Reached XP level 8. HP: 67/67 MP: 2/13
  5076 | D:6      | Identified the +4 mace of Otio {drain, Will++ Str+3 Int+4}
  5237 | D:6      | Found a white marble altar of Elyvilon.
  5356 | D:6      | Found a basalt altar of Yredelemnul.
  5730 | D:6      | Reached skill level 5 in Fighting
  6201 | D:7      | Identified the +3 falchion of Responsibility {venom, rN+}
  6215 | D:7      | Reached * piety under the Shining One
  6238 | D:7      | Reached XP level 9. HP: 53/75 MP: 1/15
  6473 | D:7      | Reached skill level 6 in Fighting
  6904 | D:8      | Reached skill level 5 in Stealth
  7451 | D:8      | Found an ancient bone altar of Kikubaaqudgha.
  7459 | D:8      | Found a bloodstained altar of Trog.
  7600 | D:8      | Reached skill level 5 in Unarmed Combat
  7654 | D:8      | Reached skill level 5 in Spellcasting
  8064 | D:9      | Reached skill level 7 in Fighting
  8064 | D:9      | Reached skill level 5 in Dodging
  8133 | D:9      | Reached ** piety under the Shining One
  8323 | D:9      | Reached XP level 10. HP: 60/86 MP: 11/17
  8443 | D:9      | Found a staircase to the Orcish Mines.
  8968 | D:10     | Entered Level 10 of the Dungeon
  8998 | D:10     | Found a transporter.
  9044 | D:10     | Noticed patfeehan111222's ghost (journeyman DsBe)
  9044 | D:10     | Noticed a two-headed ogre
  9045 | D:10     | Noticed a centaur warrior
  9055 | D:10     | Found a transporter.
  9168 | D:10     | Noticed an oklob plant
  9176 | D:10     | Noticed a two-headed ogre
  9533 | D:10     | Noticed a two-headed ogre
  9535 | D:10     | Reached skill level 8 in Fighting
  9554 | D:10     | Noticed a two-headed ogre
  9657 | D:10     | Learned a level 3 spell: Dazzling Flash
  9672 | D:10     | Reached *** piety under the Shining One
  9779 | D:10     | Noticed a two-headed ogre
  9799 | D:10     | Killed a two-headed ogre
  9800 | D:10     | Reached skill level 1 in Invocations
 10000 | D:10     | Noticed a smoke demon
 10003 | D:10     | Noticed a sun demon
 10006 | D:10     | Reached XP level 11. HP: 95/95 MP: 19/19
 10176 | D:10     | Killed a two-headed ogre
 10177 | D:10     | Reached skill level 5 in Evocations
 10233 | D:10     | Killed a two-headed ogre
 10296 | D:10     | Noticed a spark wasp
 10415 | D:11     | Found a staircase to the Lair.
 10526 | D:10     | Reached skill level 9 in Fighting
 10993 | D:11     | Noticed Sonja
 11345 | D:11     | Learned a level 3 spell: Confusing Touch
 11350 | D:11     | Learned a level 4 spell: Iskenderun's Mystic Blast
 11354 | D:11     | Learned a level 3 spell: Teleport Other
 11354 | D:11     | Noticed Erolcha
 11361 | D:11     | Killed Erolcha
 11547 | D:11     | Killed Sonja
 11548 | D:11     | Reached skill level 1 in Translocations
 11581 | D:11     | Reached skill level 1 in Hexes
 11686 | D:11     | Identified the +9 trident of the Keeping Salmon {heavy,
                  | Int+5}
 11843 | D:11     | Reached skill level 10 in Fighting
 11961 | Lair:1   | Entered Level 1 of the Lair of Beasts
 11997 | Lair:1   | Reached XP level 12. HP: 91/106 MP: 21/21
 12578 | Lair:1   | Reached **** piety under the Shining One
 14002 | Lair:2   | Noticed a five-headed hydra
 14208 | Lair:2   | Found a staircase to the Swamp.
 14210 | Lair:2   | Noticed an eight-headed hydra
 14216 | Lair:2   | Reached skill level 5 in Invocations
 14431 | Lair:2   | Reached skill level 11 in Fighting
 14674 | Lair:2   | Killed an eight-headed hydra
 15091 | Lair:3   | Noticed Fannar
 15117 | Lair:3   | Killed Fannar
 15225 | Lair:3   | Found a runed translucent door.
 15225 | Lair:3   | Found a shimmering altar of Xom.
 15225 | Lair:3   | Noticed Wavoedoo's ghost (journeyman MiFi)
 15273 | Lair:3   | Noticed Josephine
 15392 | Lair:3   | Reached XP level 13. HP: 115/116 MP: 13/23
 15996 | Lair:3   | Killed Josephine
 16402 | Lair:3   | Learned a level 4 spell: Flame Wave
 16435 | Lair:3   | Found a staircase to the Snake Pit.
 16984 | Lair:4   | Found a transporter.
 17191 | Lair:3   | Reached skill level 1 in Fire Magic
 17369 | Lair:4   | Noticed Jyudgh's ghost (journeyman DjCj)
 17694 | Lair:4   | Reached skill level 12 in Fighting
 17748 | Lair:4   | Found a transporter.
 18373 | Lair:4   | Identified the staff of fire "Tehoixuh" {rF+ rC+++ Will-
                  | rCorr Str-4}
 18893 | Lair:5   | Entered Level 5 of the Lair of Beasts
 19426 | Lair:5   | Gained mutation: You have acidic saliva. [Yellow Draconian
                  | growth]
 19426 | Lair:5   | Reached XP level 14. HP: 81/127 MP: 23/26
 20532 | Lair:5   | Found a viscous altar of Jiyva.
 20532 | Lair:5   | Found a staircase to the Slime Pits.
 20538 | Lair:5   | Fell from the grace of the Shining One
 20538 | Lair:5   | Became a worshipper of Jiyva Jianiciu the Shapeless
 21085 | Orc:1    | Entered Level 1 of the Orcish Mines
 21870 | Slime:1  | Entered Level 1 of the Pits of Slime
 21921 | Slime:1  | Noticed a quicksilver ooze
 21938 | Slime:1  | Noticed a rockslime
 21945 | Slime:1  | Noticed an acid blob
 21952 | Slime:1  | Noticed a quicksilver ooze
 21958 | Slime:1  | Noticed an acid blob
 21977 | Slime:1  | Noticed a rockslime
 21979 | Slime:1  | Noticed a rockslime
 22018 | Slime:1  | Noticed a rockslime
 22049 | Slime:1  | Noticed a rockslime
 22116 | Slime:1  | Noticed a rockslime
 22173 | Slime:2  | Noticed a quicksilver ooze
 22173 | Slime:2  | Noticed a rockslime
 22173 | Slime:2  | Noticed an acid blob
 22369 | Slime:3  | Noticed an acid blob
 22378 | Slime:3  | Noticed a quicksilver ooze
 22489 | Slime:3  | Noticed a rockslime
 22635 | Slime:4  | Noticed an acid blob
 22640 | Slime:4  | Noticed a rockslime
 22713 | Slime:4  | Noticed an azure jelly
 22717 | Slime:4  | Noticed a quicksilver ooze
 22723 | Slime:4  | Noticed an acid blob
 22737 | Slime:4  | Noticed an azure jelly
 22738 | Slime:4  | Noticed an acid blob
 22882 | Slime:5  | Entered Level 5 of the Pits of Slime
 22883 | Slime:5  | Noticed an acid blob
 22899 | Slime:5  | Noticed an azure jelly
 22905 | Slime:5  | Noticed an azure jelly
 22906 | Slime:5  | Noticed an acid blob
 22908 | Slime:5  | Noticed an acid blob
 22909 | Slime:5  | Noticed the Royal Jelly
 22911 | Slime:5  | Noticed a quicksilver ooze
 22912 | Slime:5  | Noticed a rockslime
 22939 | Slime:5  | Noticed a rockslime
 22941 | Slime:5  | Noticed an azure jelly
 22943 | Slime:5  | Noticed a rockslime
 22946 | Slime:5  | Noticed an acid blob
 22968 | Slime:5  | Noticed an acid blob
 22978 | Slime:5  | Noticed an acid blob
 23023 | Slime:5  | Noticed an azure jelly
 23036 | Slime:5  | Noticed an acid blob
 23050 | Slime:5  | Noticed a rockslime
 23073 | Slime:5  | Found a viscous altar of Jiyva.
 23117 | Slime:5  | Noticed an acid blob
 23364 | Orc:2    | Entered Level 2 of the Orcish Mines
 23981 | Orc:2    | Noticed an orc warlord
 24030 | Orc:2    | Found Mubeoff's Antique Armour Shoppe.
 24035 | Orc:2    | Bought a pair of boots for 108 gold pieces
 24116 | Orc:2    | Reached * piety under Jiyva
 24719 | D:12     | Reached skill level 10 in Unarmed Combat
 24781 | D:12     | Reached ** piety under Jiyva
 25010 | D:12     | Identified the +2 robe of the Snail {Dex+6}
 25159 | D:13     | Found Yzyq's Blood Bar.
 25234 | D:13     | Found a gate leading to a gauntlet.
 25787 | D:14     | Reached *** piety under Jiyva
 25787 | D:14     | Gained mutation: Armour fits poorly on your pseudopods.
                  | [Jiyva's grace]
 25787 | D:14     | Gained mutation: Armour fits poorly on your large
                  | pseudopods. [Jiyva's grace]
 25787 | D:14     | Gained mutation: Armour fits poorly on your massive
                  | pseudopods. [Jiyva's grace]
 25787 | D:14     | Gained mutation: Your tail ends in a venomous barb.
                  | [Jiyva's grace]
 26683 | Lair:5   | Reached skill level 13 in Fighting
 26775 | Lair:5   | Reached XP level 15. HP: 77/135 MP: 27/27
 27342 | Orc:2    | Slain by an orc warlord

Illustrated notes

Levels and vault maps discovered:
D:1:      lemuel_arrival_lava_pool, layout_basic, serial_shops, shop,
          amcnicky_mini_corridor_feature, corexii_leaking_fountain,
          st_stairs_13, minivault_4, kennysheep_minor_cross, bh_walls_and_bars
D:2:      layout_loops_ring, basic_ecumenical_altar, kennysheep_doodads,
          minmay_cupped
D:3:      layout_rooms, serial_glass, glass_columns_a, glass_columns_c,
          nrook_mini_backslash
D:4:      layout_basic, hangedman_feature_mirror
D:5:      layout_loops_ring, grunt_gozag_breadcrumbs,
          nicolae_wu_jian_immortal_techniques, lemuel_doored_altar,
          minmay_temple_entry_tees, grunt_decor_one_mirror
D:6:      layout_cave_pods, kennysheep_ying_yang, uniq_edmund
D:7:      layout_rooms
D:8:      layout_loops_ring, amethyst_overflow_temple_binary
D:9:      layout_irregular_city, orc_0_dummy
D:10:     minmay_four_partial_circles, layout_basic, nzn_ghost_randoct
D:11:     layout_irregular_city, hellmonk_lair_entry_icy, uniq_erolcha,
          uniq_sonja
D:12:     layout_long_grid
D:13:     layout_basic, gauntlet_entry_generic, guppyfry_shop_blood
D:14:     layout_loops_corners, skrybe_vaults_entry_preservation
Temple:   hellmonk_temple_divided_pantheon
Lair:1:   layout_concentric_octagons, dreamdust_gnoll_shepherd
Lair:2:   layout_gridlike, minmay_swamp_entry_reptiles, minivault_23,
          grunt_megastairs_1
Lair:3:   layout_roguey, minmay_snake_entry_guardpost_small, ebering_ghost_xom,
          lemuel_fruit_fields, uniq_fannar, uniq_josephine
Lair:4:   regret_index_bee_streams, layout_cave_shapes,
          gammafunk_ghost_abyssal_escape
Lair:5:   evilmike_catoblepas_cave, layout_cave_shapes, slime_entry_1,
          lightli_volcano_entry_magma_tube, kennysheep_basilisk_garden,
          grunt_megastairs_2, serial_bayou_shore_b
Slime:1:  nicolae_slime_pool, layout_caves, cheibrodos_slime_lost_civilization_6
Slime:2:  layout_caves
Slime:3:  layout_caves
Slime:4:  layout_caves
Slime:5
Orc:1:    layout_diamond_mine
Orc:2:    st_orc_congregation, layout_caves, serial_shops,
          nicolae_shop_peninsula, uniq_nessos

Skill      XL: |  1  2  3  4  5  6  7  8  9 10 11 12 13 14 |
---------------+-------------------------------------------+-----
Stealth        | 2 3 4 5 6 7 |  7.9
Dodging        | 2 3 4 5 6 7 8 9 |  9.2
Fighting       | 1 2 3 4 5 7 8 10 11 12 13 | 13.1
Spellcasting   | 3 4 5 6 7 8 |  8.8
Conjurations   | 5 6 7 8 9 |  9.3
Unarmed Combat | 2 3 5 6 7 8 9 10 | 10.3
Evocations     | 1 2 3 4 6 7 8 9 |  9.2
Invocations    | 1 4 5 7 8 |  8.3
Translocations | 1 3 4 |  4.3
Hexes          | 1 3 |  3.9
Fire Magic     | 3 4 |  4.8

Action                     |  1- 3 |  4- 6 |  7- 9 | 10-12 | 13-15 || total
---------------------------+-------+-------+-------+-------+-------++-------
  Melee: Short sword       |    42 |       |       |       |       ||    42
         Tailslap          |     2 |     5 |    23 |   152 |   327 ||   509
         Falchion          |       |    65 |   166 |    27 |       ||   258
         Punch             |       |     1 |     3 |    55 |   123 ||   182
         Unarmed           |       |       |       |   591 |  1299 ||  1890
         Bite              |       |       |       |       |   136 ||   136
         Pseudopods        |       |       |       |       |    40 ||    40
   Cast: Magic Dart        |    77 |    65 |    95 |   169 |   253 ||   659
         Searing Ray       |     1 |     6 |    29 |    43 |    42 ||   121
         Confusing Touch   |       |       |       |    38 |    16 ||    54
         Teleport Other    |       |       |       |       |     4 ||     4
         Flame Wave        |       |       |       |       |     7 ||     7
 Invoke: Divine Shield     |       |       |       |     5 |     1 ||     6
         Oozemancy         |       |       |       |       |     1 ||     1
Ability: Breathe Acid      |       |       |     9 |    34 |    78 ||   121
  Evoke: Wand              |       |       |       |     9 |    16 ||    25
    Use: Scroll            |       |       |       |    21 |    15 ||    36
         Potion            |       |       |       |       |     6 ||     6
   Stab: Distracted        |       |       |       |       |     4 ||     4
         Confused          |       |       |       |       |     3 ||     3
         Sleeping          |       |       |       |       |     2 ||     2
         Paralysed         |       |       |       |       |     1 ||     1
 Armour: Skin              |     7 |    29 |   137 |   185 |   450 ||   808
  Dodge: Dodged            |    47 |    40 |   175 |   480 |   873 ||  1615
  Block: Other             |       |       |       |    50 |     4 ||    54

Table legend: (Time is in decaauts)
 A = Elapsed time spent in this place.
 B = Non-inter-level travel time spent in this place.
 C = Inter-level travel time spent in this place.
 D = Time resting spent in this place.
 E = Time spent auto-exploring this place.
 F = Levels seen in this place.
 G = Mean time per level.
                   A        B        C        D        E       F      G
               +--------+--------+--------+--------+--------+-----+--------+
         Total |  27271 |  25253 |   2018 |   1375 |  16041 |  27 | 1010.0 |
       Dungeon |  14109 |  13068 |   1041 |    302 |   9250 |  14 | 1007.8 |
        Temple |     93 |     93 |      0 |      0 |     51 |   1 |   93.0 |
          Lair |  10468 |   9657 |    811 |    909 |   5274 |   5 | 2093.6 |
    Slime Pits |   1324 |   1220 |    104 |      0 |   1159 |   5 |  264.8 |
  Orcish Mines |   1275 |   1214 |     61 |    164 |    307 |   2 |  637.5 |
               +--------+--------+--------+--------+--------+-----+--------+

Top non-repeatable levels by time:
  Lair:4: 2861 daAuts
  Lair:3: 2349 daAuts
  Lair:5: 2177 daAuts
    D:10: 1981 daAuts
  Lair:1: 1649 daAuts
    D:11: 1441 daAuts
  Lair:2: 1431 daAuts
     D:6: 1253 daAuts
     D:1: 1233 daAuts
     D:9: 1138 daAuts
     D:8: 1073 daAuts
     D:4: 1024 daAuts
     D:2: 937 daAuts
     D:5: 889 daAuts
     D:7: 830 daAuts
